 Dungeon Crawl Stone Soup version 0.28.0-53-g5a82cb258f (webtiles) character file.

Game seed: 10380347625938769201

48 DildoBatman the Conjurer (level 4, 0/32 HPs)
             Began as a Formicid Conjurer on July 7, 2022.
             Slain by a ball python (1 damage)
             ... on level 3 of the Dungeon.
             The game lasted 00:02:20 (924 turns).

DildoBatman the Conjurer (Formicid Conjurer)         Turns: 924, Time: 00:02:21

Health: 0/32       AC:  2    Str: 12    XL:     4   Next: 0%
Magic:  7/8        EV:  9    Int: 17    God:
Gold:   55         SH:  0    Dex: 11    Spells: 5/8 levels left

rFire   . . .      SeeInvis +   i - +0 quarterstaff
rCold   . . .      Faith    .   (no shield)
rNeg    . . .      Spirit   .   a - +0 robe
rPois   .          Reflect  .   (helmet unavailable)
rElec   .          Harm     .   (no cloak)
rCorr   .          Rampage  .   (no gloves)
Will    .....                   (no boots)
Stlth   ++........              (no amulet)
HPRegen 0.10/turn               (no ring)
MPRegen 0.11/turn               (no ring)

@: constricted
A: permanent stasis, dig shafts and tunnels, antennae 3, four strong arms
a: Dig, Shaft Self


You were on level 3 of the Dungeon.
You visited 1 branch of the dungeon, and saw 3 of its levels.

You collected 55 gold pieces.

Inventory:

Hand Weapons
 d - a +0 club
 f - a +0 short sword
 i - a +0 quarterstaff (weapon)
Missiles
 b - 23 arrows
 h - 5 stones
Armour
 a - a +0 robe (worn)
Scrolls
 c - a scroll of teleportation {unknown}
Potions
 e - a potion of heal wounds {unknown}
 g - a potion of curing {unknown}


   Skills:
 * Level 1.4 Fighting
 * Level 1.4 Armour
 - Level 2.0 Dodging
 - Level 2.4 Stealth
 * Level 2.8 Spellcasting
 * Level 3.9 Conjurations


You had 5 spell levels left.
You knew the following spells:

 Your Spells              Type           Power      Damage    Failure   Level
a - Searing Ray           Conj           30%        2d5       5%          2
c - Magic Dart            Conj           60%        1d6       3%          1

Your spell library contained the following spells:

 Spells                   Type           Power      Damage    Failure   Level
 Dazzling Flash           Conj/Hex       18%        N/A       24%         3
 Fulminant Prism          Conj/Hex       4%         3d6       63%         4
 Iskenderun's Mystic Bla  Conj/Tloc      9%         2d4       63%         4


Dungeon Overview and Level Annotations

Branches:
Dungeon (3/15)

Altars:

Shops:
D:2 [


Innate Abilities, Weirdness & Mutations

You cannot be hasted, slowed, berserked, paralysed or teleported.
You can dig through walls and to a lower floor.
You have a pair of large antennae on your head. (SInv)
Your four strong arms can wield two-handed weapons with a shield.


Message History

g - Guard the area. f - Follow me.
Anything else - Cancel.
You shout for attention!
The ball python bites you but does no damage.
The ball python constricts you. The orc barely misses you.
The ball python bites you. The ball python constricts you.
The dart slug launches a dart at you. The slug dart hits you.
What are your orders? t - Shout!
Orders for allies: a - Attack new target. r - Retreat! s - Stop attacking. g - Guard the area. f - Follow me.
Anything else - Cancel.
You shout for attention!
The orc hits you but does no damage. The ball python barely misses you.
The ball python constricts you. What are your orders? t - Shout!
Orders for allies: a - Attack new target. r - Retreat! s - Stop attacking. g - Guard the area. f - Follow me.
Anything else - Cancel.
You shout for attention!
The orc hits you from afar with a +0 trident.
The ball python bites you. The ball python constricts you.
What are your orders? t - Shout!
Orders for allies: a - Attack new target. r - Retreat! s - Stop attacking. g - Guard the area. f - Follow me.
Anything else - Cancel.
You shout for attention!
The orc hits you from afar with a +0 trident.
The ball python bites you.
You die...

### ## ..
.. [#
#o##S#
#..@.#
#..w.......
#..).##.###
##.#.# # ..
.# ##. .#
#. .. ## ..


You could see a dart slug, an orc and a ball python.

Vanquished Creatures
  An adder (D:2)
  2 dart slugs (D:1)
  2 bats (D:1)
  5 endoplasms (D:1)
  3 giant cockroaches (D:1)
  A hobgoblin (D:1)
  2 quokkas (D:1)
  3 ball pythons (D:1)
  2 frilled lizards (D:1)
  3 goblins
  5 kobolds (D:1)
  3 rats (D:1)
32 creatures vanquished.

Notes
Turn   | Place    | Note
-------+----------+-------------------------------------------
     0 | D:1      | DildoBatman the Formicid Conjurer began the quest for the
                  | Orb.
     0 | D:1      | Reached XP level 1. HP: 13/13 MP: 3/3
   118 | D:1      | Reached XP level 2. HP: 17/20 MP: 3/5
   121 | D:1      | Learned a level 2 spell: Searing Ray
   218 | D:1      | Reached skill level 1 in Armour
   328 | D:1      | Reached skill level 1 in Fighting
   328 | D:1      | Reached XP level 3. HP: 26/26 MP: 6/6
   863 | D:2      | Found Vojau's Armour Boutique.
   899 | D:2      | Reached XP level 4. HP: 32/32 MP: 4/8
   924 | D:3      | HP: 1/32 [orc/+0 trident (5)]
   924 | D:3      | Slain by a ball python

Illustrated notes

Levels and vault maps discovered:
D:1:      dpeg_arrival_arbitrary_c, layout_basic, corexii_corridor_pit,
          minmay_pentomino_z2
D:2:      layout_basic, basic_altar, serial_shops, nicolae_square_shop,
          basic_ecumenical_altar
D:3:      layout_loops_cross, nicolae_tso_carved_into_rock

Skill      XL: |  1  2 |
---------------+-------+-----
Dodging        | 2 |  2.0
Armour         | 1 |  1.4
Fighting       | 1 |  1.4
Stealth        | |  2.4
Spellcasting   | |  2.8
Conjurations   | |  3.9

Action                   |  1- 3 |  4- 6 || total
-------------------------+-------+-------++-------
Melee: Unarmed           |     7 |       ||     7
       Short sword       |    20 |       ||    20
       Club              |     9 |       ||     9
       Quarterstaff      |    11 |       ||    11
 Cast: Magic Dart        |    17 |       ||    17
       Searing Ray       |     8 |       ||     8
 Stab: Sleeping          |     2 |       ||     2
Armor: Robe              |    15 |     6 ||    21
Dodge: Dodged            |    49 |    16 ||    65
